Map: Flooded City

Players

ILIEKEGGPIE - Winner!

  • Race: Protoss Protoss
  • Spawn Location: 12:00

BizMac - Winner!

  • Race: Zerg Zerg
  • Spawn Location: 12:00

Hexevilius

  • Race: Protoss Protoss
  • League: Gold
  • Spawn Location: 6:00

Blyth

  • Race: Terran Terran
  • Spawn Location: 6:00

VOD

Have the link to the VOD?

Description

Time

  • Played on: March 6, 2018, 8:31 p.m.
  • Length: 10:16
Show
View Real Time Build Order
Export as new Build Order

ILIEKEGGPIE Protoss - Winner!

Build Orders: Double Forge 

Get SALT Encoding   

  12  0:01  Probe  
  13  0:13  Probe  
  14  0:24  Pylon  
  14  0:25  Probe  
  15  0:42  Probe  
  16  0:44  Gateway  
  16  0:48  Assimilator  
  16  0:54  Probe  
  17  1:06  Probe  
  18  1:20  Gateway  
  18  1:33  Zealot (Chrono Boost)  
  19  2:11  Probe  
  19  2:14  Pylon  
  20  2:19  Forge  
  20  2:21  Pylon  
  20  2:23  Probe  
  21  2:35  Probe  
  22  2:39  Forge  
  22  2:47  Probe  
  23  2:55  Photon Cannon  
  23  2:57  Photon Cannon  
  21  3:07  Assimilator  
  21  3:13  Photon Cannon  
  21  3:32  Gateway  
  21  3:35  Photon Cannon  
  20  4:20  Cybernetics Core  
  20  4:25  Probe  
  20  5:01  Warp Gate  
  20  5:32  Nexus  
  20  6:54  Pylon  
  20  7:03  Assimilator  
  20  7:07  Assimilator  
  20  7:08  Probe  
  21  7:16  Gateway  
  21  7:18  Nexus  
  21  7:20  Probe, Pylon  
  22  7:23  Pylon  
  22  7:32  Probe  
  23  7:44  Probe  
  23  7:45  Gateway  
  23  7:47  Gateway  
  24  7:54  Cybernetics Core  
  24  7:56  Probe  
  27  8:08  Probe  
  26  8:23  Adept  
  26  8:26  Probe  
  29  8:38  Probe  
  30  8:41  Pylon  
  30  8:51  Adept x3  
  30  8:54  Probe (Chrono Boost)  
  30  8:55  Probe (Chrono Boost)  
  38  8:59  Pylon  
  38  9:05  Probe (Chrono Boost)  
  38  9:06  Probe (Chrono Boost)  
  40  9:10  Probe (Chrono Boost)  
  40  9:15  Probe  
  42  9:19  Assimilator  
  42  9:21  Probe  
  43  9:24  Assimilator  
  43  9:27  Probe  
  44  9:32  Adept x3  
  44  9:33  Probe  
  51  9:39  Probe  
  51  9:45  Probe  
  53  9:51  Probe  
  54  9:57  Probe  
  55  10:00  Adept x3  
  55  10:03  Probe  
Show
View Real Time Build Order
Export as new Build Order

BizMac Zerg - Winner!

Build Orders: Pool First 

Get SALT Encoding   

  12  0:02  Drone  
  13  0:12  Drone  
  14  0:19  Overlord  
  14  0:37  Drone x3  
  17  0:45  Extractor  
  17  0:49  Spawning Pool  
  15  0:53  Drone  
  16  1:02  Drone  
  17  1:14  Drone  
  18  1:22  Drone  
  19  1:54  Zergling x6  
  22  2:11  Spine Crawler  
  20  2:27  Drone  
  20  2:28  Overlord  
  21  2:42  Metabolic Boost  
  21  2:46  Queen  
  21  2:51  Zergling x6  
  25  3:29  Zergling x4  
  25  3:30  Zergling x2  
  28  3:40  Overlord  
  25  4:10  Zergling x8  
  25  4:13  Lair  
  29  4:18  Spine Crawler  
  26  4:34  Zergling x4  
  26  4:35  Zergling x6  
  25  4:51  Zergling x2  
  25  4:52  Zergling x2  
  27  5:13  Drone  
  28  5:19  Extractor  
  27  5:50  Hatchery  
  26  6:19  Drone x4  
  26  6:25  Spore Crawler, Spine Crawler  
  28  6:35  Spine Crawler  
  28  6:36  Spine Crawler  
  25  6:51  Drone x3  
  25  6:52  Drone  
  29  7:03  Overlord  
  29  7:04  Overlord  
  29  7:05  Drone x2  
  29  7:07  Queen  
  33  7:12  Drone x2  
  34  7:24  Drone x2  
  34  7:26  Hydralisk Den  
  35  7:38  Drone x2  
  35  7:39  Drone  
  38  7:49  Zergling x6  
  38  7:50  Zergling x2  
  41  8:17  Zergling x2  
  41  8:18  Zergling x2  
  36  8:55  Drone x6  
  40  8:56  Drone x3  
  45  9:40  Spine Crawler  
  45  9:41  Drone x2, Spine Crawler  
  45  9:42  Drone, Spine Crawler  
  51  10:14  Extractor  
Show
View Real Time Build Order
Export as new Build Order

Hexevilius Protoss 

Build Orders: Cannon Rush 

Get SALT Encoding   

  12  0:00  Probe (Chrono Boost)  
  13  0:11  Probe (Chrono Boost)  
  14  0:16  Probe (Chrono Boost)  
  15  0:22  Pylon  
  15  0:40  Probe  
  16  0:45  Forge  
  16  0:58  Pylon  
  16  1:00  Probe (Chrono Boost)  
  17  1:10  Probe (Chrono Boost)  
  18  1:19  Photon Cannon  
  18  1:26  Photon Cannon  
  18  1:29  Pylon  
  18  1:41  Photon Cannon  
  18  1:44  Pylon  
  18  1:49  Photon Cannon  
  18  1:59  Photon Cannon  
  18  2:06  Photon Cannon  
  18  2:08  Photon Cannon  
  18  2:19  Photon Cannon  
  18  2:21  Probe (Chrono Boost)  
  19  2:28  Photon Cannon  
  19  2:31  Probe (Chrono Boost)  
  19  2:32  Photon Cannon  
  20  2:39  Photon Cannon  
  20  2:46  Photon Cannon  
  20  2:49  Probe  
  21  2:54  Gateway  
  20  3:05  Photon Cannon  
  15  3:15  Photon Cannon  
  1  5:15  Nexus  
  1  5:57  Pylon  
  1  6:55  Probe (Chrono Boost)  
  2  7:17  Probe  
  4  7:37  Probe (Chrono Boost)  
  4  7:46  Probe  
  5  8:19  Probe  
  6  8:31  Probe (Chrono Boost)  
  7  8:43  Probe (Chrono Boost), Cybernetics Core  
  8  8:49  Probe (Chrono Boost)  
Show
View Real Time Build Order
Export as new Build Order

Blyth Terran 

Build Orders:  

Get SALT Encoding   

  12  0:01  SCV  
  13  0:13  SCV  
  14  0:27  Supply Depot  
  14  0:29  SCV  
  15  0:49  SCV  
  16  1:03  Barracks x2  
  16  1:04  SCV  
  17  1:16  Refinery, SCV  
  18  1:28  SCV  
  18  1:32  Supply Depot  
  19  1:40  SCV  
  20  1:52  Marine x2  
  22  1:57  Orbital Command  
  22  2:01  Refinery  
  22  2:12  Barracks  
  22  2:13  Barracks Reactor  
  22  2:15  Marine  
  23  2:25  Supply Depot  
  23  2:26  SCV  
  24  2:32  Marine  
  25  2:48  Supply Depot  
  25  2:51  Barracks Tech Lab  
  25  2:52  Marine x2  
  27  3:02  Barracks Tech Lab  
  26  3:17  Marauder  
  26  3:18  Marine x2  
  28  3:39  Marauder x2, Marine x2  
  27  3:58  Marine x2  
  3  6:07  Barracks Tech Lab  
  3  6:08  Barracks Reactor  
  3  6:09  Orbital Command  
  3  6:13  Barracks Tech Lab  
  3  6:28  Marine  
  3  6:31  Marine  
  5  6:46  Marine  
  6  6:49  Marine  
  7  7:03  Marine x2  
  7  7:05  Marauder  
  7  7:07  Marauder  
  12  8:39  Marine x4  
  6  8:43  SCV  
  7  8:53  Combat Shields  
  7  8:55  SCV  
  8  9:07  Marine x4, SCV  
Tags
 
Add a new tag
Caveats
  • Supply blocks, unpowered buildings, or Contaminate may cause inaccurate times.
  • Supply counts are checked every 10 seconds.